 Dungeon Crawl Stone Soup version 0.29.0-4-gdea44cf6ec (webtiles) character file.

Game seed: 12328627428057813637

151 Arcadio the Shooter (level 5, -1/28 HPs)
             Began as a Spriggan Hunter on Aug 27, 2022.
             Killed from afar by Ijyb (20 damage)
             ... with an iceblast
             ... on level 4 of the Dungeon.
             The game lasted 00:07:18 (2763 turns).

Arcadio the Shooter (Spriggan Hunter)               Turns: 2763, Time: 00:07:18

Health: -1/28      AC:  3    Str:  7    XL:     5   Next: 11%
Magic:  6/6        EV: 18    Int: 11    God:
Gold:   171        SH:  0    Dex: 20    Spells: 4/4 levels left

rFire   + . .      SeeInvis +   b - +0 dagger (pain)
rCold   x . .      Faith    .   (no shield)
rNeg    . . .      Spirit   .   c - +1 robe
rPois   .          Reflect  .   (helmet restricted)
rElec   .          Harm     .   (no cloak)
rCorr   .          Rampage  .   (gloves unavailable)
Will    .....                   (boots unavailable)
Stlth   ++........              e - amulet of magic regeneration
HPRegen 0.09/turn               g - ring of fire
MPRegen 0.50/turn               (no ring)

@: very quick
A: very small, no large weapons, unfitting armour, see invisible, speed 3
a: no special abilities


You were on level 4 of the Dungeon.
You visited 1 branch of the dungeon, and saw 4 of its levels.

You collected 171 gold pieces.

Inventory:

Hand Weapons
 a - a +0 shortbow
 b - a +0 dagger of pain (weapon)
 h - a +0 quarterstaff
Missiles
 u - 2 throwing nets
Armour
 c - a +1 robe (worn)
Jewellery
 e - an amulet of magic regeneration (around neck)
 g - a ring of fire (left hand)
 q - an amulet of faith
Scrolls
 d - a scroll of immolation
 f - 3 scrolls of poison
 k - a scroll of fear
 m - a scroll of noise {unknown}
 n - a scroll of teleportation {unknown}
 p - a scroll of enchant armour
 s - a scroll of enchant weapon {unknown}
 v - a scroll of magic mapping {unknown}
 w - a scroll of summoning {unknown}
 x - 2 scrolls of torment {unknown}
Potions
 i - 3 potions of heal wounds
 j - a potion of brilliance {unknown}
 l - a potion of berserk rage {unknown}
 o - a potion of invisibility {unknown}
 r - 2 potions of ambrosia
 t - a potion of curing {unknown}
 z - a potion of resistance {unknown}


   Skills:
 + Level 3.3 Fighting
 + Level 5.3 Ranged Weapons
 - Level 2.6 Dodging
 - Level 1.5 Stealth


You had 4 spell levels left.
You didn't know any spells.
Your spell library contained the following spells:

 Spells                   Type           Power      Damage    Failure   Level
 Freeze                   Ice            0%         1d3       34%         1
 Sandblast                Erth           0%         2d4       34%         1
 Passwall                 Tmut/Erth      0%         N/A       47%         2
 Frozen Ramparts          Ice            0%         1d1       71%         3
 Stone Arrow              Conj/Erth      0%         3d7       71%         3
 Hailstorm                Conj/Ice       0%         3d3       98%         4


Dungeon Overview and Level Annotations

Branches:
Dungeon (4/15) Zot: 22188
 Temple: D:4-7

Altars:

Shops:
D:3 =

Annotations:
D:4 Ijyb


Innate Abilities, Weirdness & Mutations

You are very small and have problems with some larger weapons.
You are too small for most types of armour.
You have supernaturally acute eyesight. (SInv)
You cover ground extremely quickly. (Speed+++)


Message History

The ufetubus closely misses you. x2
Fire: a) +0 shortbow
Press: ? - help, Q - select action, (/) - cycle Shift-Dir - straight line, f/p - ufetubus
Aim: an ufetubus (heavily wounded, 50% to hit)
You shoot an arrow. The arrow closely misses the ufetubus.
The ufetubus hits you. The ufetubus misses you.
Fire: a) +0 shortbow
Press: ? - help, Q - select action, (/) - cycle Shift-Dir - straight line, f/p - ufetubus
Aim: an ufetubus (heavily wounded, 50% to hit)
You shoot an arrow. The arrow barely misses the ufetubus.
The ufetubus hits you but does no damage.
The ufetubus completely misses you. The ufetubus misses you.
The ufetubus hits you but does no damage.
Fire: a) +0 shortbow
Press: ? - help, Q - select action, (/) - cycle Shift-Dir - straight line, f/p - ufetubus
Aim: an ufetubus (heavily wounded, 50% to hit)
You shoot an arrow. The arrow closely misses the ufetubus.
The ufetubus barely misses you. The ufetubus closely misses you. x2
The ufetubus completely misses you.
Fire: a) +0 shortbow
Press: ? - help, Q - select action, (/) - cycle Shift-Dir - straight line, f/p - ufetubus
Aim: an ufetubus (heavily wounded, 50% to hit)
You shoot an arrow. The arrow misses the ufetubus.
The ufetubus barely misses you. x3; The ufetubus misses you.
You have a feeling of ineptitude.
b - a +0 dagger of pain (weapon)
Ijyb the Twisted Goblin comes into view.
She is wielding a +0 club, wearing a +2 leather armour of fire resistance and carrying a wand of iceblast (6).
Ijyb shouts!
You hit the ufetubus but do no damage.
The ufetubus is heavily wounded.
The ufetubus hits you. The ufetubus misses you.
The ufetubus hits you but does no damage.
The ufetubus barely misses you.
As you read the scroll of fear, it crumbles to dust.
You assume a fearsome visage.
Ijyb resists with some effort.
The ufetubus looks frightened!
Ijyb hits you with a +0 club.
Ijyb zaps a wand.
The mass of ice explodes!
The iceblast engulfs you!!
You feel a painful chill!
Ouch! That really hurt!
You die...

#### ..#
#g# #.#
#.##
#.#####.@#
......5..#
###^####.#
#.# #.#
#.# #.##
#..####
#.....#


You could see Ijyb and an ufetubus (fleeing).

Vanquished Creatures
  A hound (D:4)
  An adder (D:3)
  4 gnolls (D:4)
  A worm (D:3)
  4 dart slugs
  5 ball pythons
  8 bats
  4 endoplasms
  7 giant cockroaches
  9 goblins
  4 hobgoblins
  A quokka (D:2)
  2 frilled lizards (D:2)
  6 kobolds
  4 rats
61 creatures vanquished.

Notes
Turn   | Place    | Note
-------+----------+-------------------------------------------
     0 | D:1      | Arcadio the Spriggan Hunter began the quest for the Orb.
     0 | D:1      | Reached XP level 1. HP: 10/10 MP: 2/2
   117 | D:1      | Reached XP level 2. HP: 15/15 MP: 3/3
   749 | D:2      | Reached XP level 3. HP: 19/19 MP: 4/4
  1254 | D:2      | Found a faded altar of an unknown god.
  1999 | D:3      | Found Miuttiawk's Jewellery Shoppe.
  2079 | D:3      | Reached XP level 4. HP: 23/23 MP: 5/5
  2581 | D:4      | Reached skill level 5 in Ranged Weapons
  2657 | D:4      | Reached XP level 5. HP: 28/28 MP: 6/6
  2759 | D:4      | Noticed Ijyb
  2763 | D:4      | Killed from afar by Ijyb

Illustrated notes

Levels and vault maps discovered:
D:1:      wheals_arrival_linesprint, layout_basic, wad_floor_pattern_1
D:2:      layout_loops_corners, shapermc_ecumenical_altar_mp_highgroup
D:3:      layout_basic, serial_shops, shop, minmay_large_rounded_square
D:4:      layout_basic, lemuel_tele_altar, old_standard_altar,
          minmay_fountain_box, uniq_ijyb

Skill      XL: |  1  2  3  4 |
---------------+-------------+-----
Fighting       | 2 3 |  3.3
Ranged Weapons | 5 |  5.3
Dodging        | |  2.6
Stealth        | |  1.5

Action                   |  1- 3 |  4- 6 || total
-------------------------+-------+-------++-------
Melee: Dagger            |       |    11 ||    11
 Fire: Shortbow          |   109 |    50 ||   159
  Use: Scroll            |     2 |     4 ||     6
Armor: Robe              |     9 |     3 ||    12
Dodge: Dodged            |    34 |    37 ||    71
